 Dungeon Crawl Stone Soup version 0.28.0-49-g6dfe1f597d (webtiles) character file.

Game seed: 16995672439348262338

55 Zeld the Caller (level 3, -2/20 HPs)
             Began as a Tengu Summoner on May 14, 2022.
             Slain by Natasha (8 damage)
             ... on level 2 of the Dungeon.
             The game lasted 00:01:59 (2236 turns).

Zeld the Caller (Tengu Summoner)                    Turns: 2236, Time: 00:02:00

Health: -2/20      AC:  2    Str: 10    XL:     3   Next: 93%
Magic:  2/7        EV: 12    Int: 15    God:
Gold:   36         SH:  0    Dex: 14    Spells: 1/7 levels left

rFire   . . .      SeeInvis .   (no weapon)
rCold   . . .      Faith    .   (no shield)
rNeg    . . .      Spirit   .   a - +0 robe
rPois   .          Reflect  .   (helmet restricted)
rElec   .          Harm     .   (no cloak)
rCorr   .          Rampage  .   (no gloves)
Will    .....                   (boots unavailable)
Stlth   ++........              (no amulet)
HPRegen 0.06/turn               (no ring)
MPRegen 0.10/turn               (no ring)

@: very slightly contaminated, slowed, very slow
A: beak, talons 3
a: no special abilities


You were on level 2 of the Dungeon.
You visited 1 branch of the dungeon, and saw 2 of its levels.

You collected 36 gold pieces.

Inventory:

Armour
 a - a +0 robe (worn)
Scrolls
 b - a scroll of blinking {unknown}
 c - a scroll of teleportation {unknown}
 f - a scroll of enchant weapon {unknown}
 g - a scroll of immolation {unknown}
 h - 2 scrolls of amnesia {unknown}
 j - a scroll of identify {unknown}
Potions
 d - a potion of heal wounds {unknown}
 e - a potion of haste {unknown}
 i - a potion of curing {unknown}


   Skills:
 * Level 1.4 Fighting
 + Level 2.4 Dodging
 + Level 2.3 Stealth
 * Level 2.5 Spellcasting
 * Level 5.3 Summonings


You had one spell level left.
You knew the following spells:

 Your Spells              Type           Power      Damage    Failure   Level
a - Summon Small Mammal   Summ           68%        N/A       2%          1
b - Call Imp              Summ           17%        N/A       3%          2
c - Call Canine Familiar  Summ           17%        N/A       7%          3

Your spell library contained the following spells:

 Spells                   Type           Power      Damage    Failure   Level
 Summon Guardian Golem    Hex/Summ       9%         N/A       22%         3
 Ensorcelled Hibernation  Hex/Ice        2%         N/A       32%         2
 Spider Form              Tmut/Pois      1%         N/A       54%         3
 Summon Lightning Spire   Summ/Air       9%         N/A       56%         4
 Anguish                  Hex/Necr       0%         N/A       91%         4


Dungeon Overview and Level Annotations

Branches:
Dungeon (2/15)

Altars:

Annotations:
D:2 Natasha


Innate Abilities, Weirdness & Mutations

You have a beak for a mouth.
You have claws for feet.


Message History

Natasha is nearby!
Natasha is nearby!
Casting: Call Imp (safe; 3% risk of failure)
Confirm with . or Enter, or press ? or * to list all spells.
A beastly little devil appears in a puff of flame.
Your crimson imp misses Natasha.
Your crimson imp closely misses Natasha.
Natasha closely misses you.
Casting: Call Imp (safe; 3% risk of failure)
Confirm with . or Enter, or press ? or * to list all spells.
A beastly little devil appears in a puff of flame.
Your crimson imp disappears in a puff of smoke!
Natasha claws you.
Unknown command.
Casting: Call Imp (safe; 3% risk of failure)
Confirm with . or Enter, or press ? or * to list all spells.
You miscast Summon Small Mammal.
You are very lightly contaminated with residual magic.
Nothing appears to happen.
Natasha barely misses you.
Your crimson imp barely misses Natasha.
Natasha claws you!
Unknown command.
Casting: Summon Small Mammal (safe; 2% risk of failure)
Confirm with . or Enter, or press ? or * to list all spells.
Your crimson imp blinks!
Natasha claws you.
* * * LOW HITPOINT WARNING * * *
Unknown command.
Natasha misses you.
Your crimson imp barely misses Natasha.
Your rat completely misses Natasha.
What are your orders? t - Shout!
Orders for allies: a - Attack new target. r - Retreat! s - Stop attacking. g - Guard the area. f - Follow me.
Anything else - Cancel.
Gang up on whom?
Press: ? - help, Dir - move target, f - Natasha
Aim: Natasha (ally target) Attack!
Natasha claws you!
You die...

###...†..†......#
###...........## #### ###
#####............. h..# #..
#................. ...# ###..
#................####...# #.#..
........................# #....
....................#...# #....
....................#...# #....
...........#....@h..##### #....
......##..###...r5.##########....
......###.###.....(..............
..........)......................
........###......................
...†...........................#.
###.....##..#..................#.
#.....##.##..................#.
###......#.#...................#.


You could see Natasha (ally target), a friendly crimson imp (summoned) and a
friendly rat (summoned).

Vanquished Creatures
  An adder (D:2)
  2 ball pythons (D:1)
  2 endoplasms
  4 goblins
  A quokka (D:1)
  A bat (D:2)
  4 frilled lizards
  3 rats
18 creatures vanquished.

Vanquished Creatures (collateral kills)
  An adder (D:2)
  3 ball pythons
  2 bats (D:1)
  2 endoplasms
  A giant cockroach (D:1)
  A goblin (D:1)
  A hobgoblin (D:2)
  3 frilled lizards
  2 kobolds
  2 rats (D:1)
18 creatures vanquished.

Grand Total: 36 creatures vanquished

Notes
Turn   | Place    | Note
-------+----------+-------------------------------------------
     0 | D:1      | Zeld the Tengu Summoner began the quest for the Orb.
     0 | D:1      | Reached XP level 1. HP: 10/10 MP: 4/4
   150 | D:1      | Reached XP level 2. HP: 16/16 MP: 6/6
   157 | D:1      | Reached skill level 5 in Summonings
   197 | D:1      | Learned a level 2 spell: Call Imp
  1050 | D:1      | Reached skill level 1 in Fighting
  1237 | D:2      | Reached XP level 3. HP: 13/20 MP: 4/7
  1247 | D:2      | Learned a level 3 spell: Call Canine Familiar
  2227 | D:2      | Noticed Natasha
  2236 | D:2      | Slain by Natasha

Illustrated notes

Levels and vault maps discovered:
D:1:      dpeg_arrival_court, layout_basic
D:2:      layout_basic, kennysheep_cross_bottleneck, minmay_misc_feat_square,
          uniq_natasha

Skill      XL: |  1  2 |
---------------+-------+-----
Summonings     | 5 |  5.3
Fighting       | 1 |  1.4
Dodging        | |  2.4
Stealth        | |  2.3
Spellcasting   | |  2.5

Action                   || total
-------------------------++-------
Melee: Unarmed           ||    65
       Kick              ||    15
       Peck              ||     8
       Punch             ||     1
 Cast: Summon Small Mamm ||    15
       Call Imp          ||    13
 Stab: Sleeping          ||     4
Armor: Robe              ||    27
Dodge: Dodged            ||    58
